 Dungeon Crawl Stone Soup version 0.19-a0-1019-g9c6a58d (webtiles) character file.

86 AlphabetPasta the Twirler (level 4, 0/37 HPs)
             Began as a Draconian Gladiator on July 25, 2016.
             Killed by nerve-wracking pain
             ... invoked by Grinder
              (12 damage)
             ... on level 3 of the Dungeon.
             The game lasted 00:04:55 (1465 turns).

AlphabetPasta the Twirler (Draconian Gladiator)     Turns: 1465, Time: 00:04:56

Health: 0/37       AC:  8    Str: 17    XL:     4   Next: 26%
Magic:  4/4        EV: 13    Int:  9    God:
Gold:   139        SH:  0    Dex: 12    Spells: 0 memorised, 3 levels left

rFire  . . .     SeeInvis .     a - +0 quarterstaff
rCold  . . .     Gourm    .     (armour unavailable)
rNeg   . . .     Faith    .     (shield currently unavailable)
rPois  .         Spirit   .     e - +2 hat
rElec  .         Dismiss  .     n - +0 cloak
rCorr  .         Reflect  .     (no gloves)
SustAt .         Harm     .     (no boots)
MR     .....                    (no amulet)
Stlth  +.........               (no ring)
                                (no ring)

@: not resistant to hostile enchantments, very unstealthy
A: unfitting armour, cold-blooded, AC +5
a: no special abilities


You were on level 3 of the Dungeon.
You were not hungry.

You visited 1 branch of the dungeon, and saw 3 of its levels.

You collected 139 gold pieces.

Inventory:

Hand Weapons
 a - a +0 quarterstaff (weapon)
Missiles
 c - 2 throwing nets (quivered)
Armour
 b - a +0 hat
 e - a +2 hat (worn)
 n - a +0 cloak (worn)
Jewellery
 t - an uncursed ring of stealth {unknown}
Wands
 y - a wand of paralysis (18/24)
Scrolls
 j - 3 scrolls of remove curse {unknown}
 k - a scroll of fog {unknown}
 l - a scroll of recharging {unknown}
 m - a scroll of teleportation {unknown}
 p - a scroll of magic mapping {unknown}
 q - a scroll of amnesia {unknown}
 u - a scroll of identify {unknown}
Potions
 g - a potion of berserk rage {unknown}
 i - a potion of brilliance {unknown}
 o - a potion of flight {unknown}
 s - a potion of agility {unknown}
 v - a potion of invisibility {unknown}
 w - 2 potions of degeneration {unknown}
 x - a potion of curing {unknown}
Comestibles
 d - 3 bread rations
 f - a slice of pizza
 h - 4 chunks of flesh
 r - 4 fruits
 z - a meat ration


   Skills:
 + Level 2.8 Fighting
 * Level 4.1 Staves
 + Level 2.4 Throwing
 + Level 3.1 Dodging


You had 3 spell levels left.
You didn't know any spells.

Dungeon Overview and Level Annotations

Branches:
Dungeon (3/15)

Altars:
Cheibriados
The Shining One

Annotations:
D:3 Grinder


Innate Abilities, Weirdness & Mutations

Your plain brown scales are hard. (AC +5)
Your body does not fit into most forms of armour.
You are cold-blooded and may be slowed by cold attacks.


Message History

You barely miss Grinder.
Grinder is severely wounded.
Grinder gestures at you.
You suddenly lose the ability to move!
Grinder struggles against the net.
The net rips apart, and Grinder comes free!
You feel sick.
Grinder blinks!
You feel sick.
You are no longer poisoned.
Grinder gestures at you. Pain shoots through your body!
You can move again.
Grinder hits you but does no damage.
You hit Grinder but do no damage.
Grinder is heavily wounded.
Grinder hits you!
You hit Grinder but do no damage.
Grinder is heavily wounded.
Grinder gestures at you. Pain shoots through your body!
You die...

..................
..................
..?...............
..........)...# ..............#
........(.....# ###
...)......(...####.#
.............>.5.#.######
......$_.....###@#......#
.............# #.#.####.####
.............# #.#.# #.#..#
.............###.#.####.#..#
.................#.##...#..######
............######.##.#....#....#
.........## #.##.#<##.#.#.##
.........# ####.##.####...#.#
.......#.# #....#.(....####.#


You could see Grinder.

Vanquished Creatures
  3 adders
  3 worms (D:2)
  A dart slug (D:3)
  2 giant geckos
  2 giant cockroaches (D:1)
  4 goblins
  6 hobgoblins (D:2)
  6 jackals (D:1)
  A quokka (D:2)
  A ball python (D:1)
  4 bats
  2 giant newts (D:1)
  5 kobolds
  5 rats
45 creatures vanquished.

Notes
Turn   | Place    | Note
-------+----------+-------------------------------------------
     0 | D:1      | AlphabetPasta the Draconian Gladiator began the quest for the Orb.
     0 | D:1      | Reached XP level 1. HP: 17/17 MP: 1/1
   286 | D:1      | Reached XP level 2. HP: 24/24 MP: 2/2
   634 | D:2      | Found a snail-covered altar of Cheibriados.
   657 | D:2      | Reached XP level 3. HP: 30/30 MP: 3/3
  1135 | D:2      | Reached skill level 4 in Staves
  1135 | D:2      | Reached XP level 4. HP: 35/37 MP: 4/4
  1401 | D:3      | Found a glowing golden altar of the Shining One.
  1428 | D:3      | Noticed Grinder
  1456 | D:3      | Paralysed by Grinder for 7 turns
  1465 | D:3      | Killed from afar by Grinder

Vault maps used:
D:1:      co_arrival_random_square_maze
D:2:      nicolae_overflow_crystal_walls, first_bread
D:3:      overflow_temple_1_default, dancing_weapons_uskayaw, item_on_display_a,
          uniq_grinder

Skill      XL: |  1  2  3 |
---------------+----------+-----
Throwing       | 2 |  2.4
Dodging        | 3 |  3.1
Staves         | 4 |  4.1
Fighting       | |  2.8

Action                   |  1- 3 |  4- 6 || total
-------------------------+-------+-------++-------
Melee: Quarterstaff      |    98 |    27 ||   125
       Tailslap          |    12 |     6 ||    18
Throw: Throwing net      |       |     1 ||     1
  Eat: Chunk             |     1 |     1 ||     2
Armor: Skin              |    23 |    13 ||    36
Dodge: Dodged            |    59 |    15 ||    74
